 Dungeon Crawl Stone Soup version 0.26.0-90-g5fd8617961 (webtiles) character file.

Game seed: 10208496704509080834

41 Gadfly the Cudgeller (level 3, -2/36 HPs)
             Began as an Ogre Gladiator on Feb 3, 2021.
             Slain by Natasha (9 damage)
             ... on level 2 of the Dungeon.
             The game lasted 00:03:51 (1814 turns).

Gadfly the Cudgeller (Ogre Gladiator)               Turns: 1814, Time: 00:03:52

Health: -2/36      AC:  3    Str: 19    XL:     3   Next: 52%
Magic:  4/4        EV: 10    Int:  9    God:
Gold:   38         SH:  0    Dex: 10    Spells: 2/2 levels left

rFire    . . .     SeeInvis .   a - +0 flail
rCold    . . .     Faith    .   (no shield)
rNeg     . . .     Spirit   .   b - +0 robe
rPois    .         Reflect  .   c - +0 hat
rElec    .         Harm     .   (no cloak)
rCorr    .         Rampage  .   (gloves unavailable)
Will     +....                  (boots unavailable)
Stlth    +.........             (no amulet)
HPRegen  0.12/turn              m - ring of willpower
MPRegen  0.09/turn              (no ring)

@: no status effects
A: large, unfitting armour, tough skin 1
a: no special abilities


You were on level 2 of the Dungeon.
You visited 1 branch of the dungeon, and saw 2 of its levels.

You collected 38 gold pieces.

Inventory:

Hand Weapons
 a - a +0 flail (weapon)
Missiles
 d - 3 throwing nets
 e - 43 stones (quivered)
Armour
 b - a +0 robe (worn)
 c - a +0 hat (worn)
Jewellery
 m - a ring of willpower (left hand)
Scrolls
 g - a scroll of enchant weapon {unknown}
 h - a scroll of remove curse {unknown}
Potions
 f - a potion of magic {unknown}
 l - 2 potions of lignification {unknown}


   Skills:
 - Level 2.6 Fighting
 + Level 2.8 Maces & Flails
 + Level 2.2 Throwing
 * Level 1.0 Armour
 - Level 2.6 Dodging
 * Level 1.4 Invocations
 * Level 1.1 Evocations


You had 2 spell levels left.
You didn't know any spells.
Your spell library was empty.

Dungeon Overview and Level Annotations

Branches:
Dungeon (2/15)

Altars:

Annotations:
D:2 Natasha


Innate Abilities, Weirdness & Mutations

You are too large for most types of armour.
You have tough skin. (AC +1)


Message History

You miss Natasha.
Natasha is lightly wounded.
Natasha casts a spell.
Natasha casts a spell at you. The magic dart hits you.
You closely miss Natasha.
Natasha is lightly wounded.
Natasha claws you!
You closely miss Natasha.
Natasha is lightly wounded.
Natasha claws you.
* * * LOW HITPOINT WARNING * * *
You hit Natasha.
Natasha is moderately wounded.
Natasha claws you.
* * * LOW HITPOINT WARNING * * *
Natasha barely misses you.
You barely miss Natasha.
Natasha is moderately wounded.
Natasha claws you!
You die...

#########.## #.# #
#.# #># # #.# #.# #
##+# #.# # #...#
#.# # .....# ##.#
## ......# ##..#
.####
......5####...##
....+
..)...5Sh@.....#
.####
......5####.......#
## ......#
##..###.# # .....#
#...# # #...# #.#.#
##'# #..... #.#
###.### #.######
####.#....


You could see Natasha, 2 crimson imps, an adder and a white imp (summoned).

Vanquished Creatures
  Natasha (D:2)
  A worm (D:2)
  A dart slug (D:1)
  2 ball pythons (D:1)
  A goblin (D:1)
  A quokka (D:2)
  A frilled lizard (D:1)
  2 kobolds (D:1)
  4 rats
14 creatures vanquished.

Notes
Turn   | Place    | Note
-------+----------+-------------------------------------------
     0 | D:1      | Gadfly the Ogre Gladiator began the quest for the Orb.
     0 | D:1      | Reached XP level 1. HP: 22/22 MP: 1/1
   656 | D:1      | Reached XP level 2. HP: 21/29 MP: 2/2
  1671 | D:2      | Noticed Natasha
  1679 | D:2      | Killed Natasha
  1680 | D:2      | Reached skill level 1 in Armour
  1680 | D:2      | Reached skill level 1 in Invocations
  1680 | D:2      | Reached skill level 1 in Evocations
  1680 | D:2      | Reached XP level 3. HP: 30/36 MP: 2/4
  1800 | D:2      | Noticed Natasha
  1814 | D:2      | Slain by Natasha

Illustrated notes

Levels and vault maps discovered:
D:1:      scummos_arrival_forest, layout_basic, chequers_serial_rivers_small_a,
          minmay_pentomino_w2
D:2:      layout_loops_corners, amethyst_overflow_temple_binary,
          solitary_fountain, uniq_natasha, uniq_crazy_yiuf_cottage

Skill      XL: |  1  2 |
---------------+-------+-----
Armour         | 1 |  1.0
Invocations    | 1 |  1.4
Evocations     | 1 |  1.1
Fighting       | |  2.6
Maces & Flails | |  2.8
Throwing       | |  2.2
Dodging        | |  2.6

Action                   || total
-------------------------++-------
Melee: Flail             ||    55
Throw: Stone             ||    15
  Use: Scroll            ||     5
       Potion            ||     1
Armor: Robe              ||     7
Dodge: Dodged            ||    27
